 Dungeon Crawl Stone Soup version 0.17.2-1-ge4368a0 (webtiles) character file.

151 Hurricos the Ducker (level 5, -7/33 HPs)
             Began as an Octopode Transmuter on Aug 4, 2017.
             Was a Follower of Cheibriados.
             Mangled by Menkaure (17 damage)
             ... on level 4 of the Dungeon.
             The game lasted 00:01:55 (1453 turns).

Hurricos the Ducker (Octopode Transmuter)           Turns: 1453, Time: 00:01:55

Health: -7/33      AC:  2    Str: 12    XL:     5   Next: 33%
Magic:  5/8        EV: 24    Int: 19    God:    Cheibriados [*.....]
Gold:   87         SH:  0    Dex: 21    Spells: 2 memorised, 4 levels left

rFire  . . .     SeeInvis .       - Unarmed
rCold  . . .     Clarity  .     (shield currently unavailable)
rNeg   . . .     SustAt   .     (helmet currently unavailable)
rPois  x         Gourm    .     (no amulet)
rElec  .         Spirit   .     (no ring)
rCorr  .         Warding  .     (no ring)
rMut   .         Stasis   .     (no ring)
MR     .....                    (no ring)
Stlth  ++........               (no ring)
                                (no ring)
                                (no ring)
                                (no ring)

@: spider-form, very slightly contaminated, very slow, not resistant to hostile
enchantments, unstealthy
A: almost no armour, amphibious, 8 rings, (constrict 8), (camouflage 0),
(gelatinous body 0)
a: End Transformation, Bend Time, Renounce Religion


You were on level 4 of the Dungeon.
You worshipped Cheibriados.
Cheibriados was aware of your devotion.
You were not hungry.
You were a venomous arachnid creature.
You visited 1 branch of the dungeon, and saw 4 of its levels.

You collected 87 gold pieces.

Inventory:

Missiles
 a - 40 arrows
 n - a throwing net (quivered)
Jewellery
 h - an uncursed ring of flight {unknown}
Scrolls
 d - 3 scrolls of identify {unknown}
 i - 3 scrolls of remove curse {unknown}
 j - a scroll of blinking {unknown}
 k - a scroll of teleportation {unknown}
 m - 2 scrolls of fog {unknown}
Potions
 f - 2 potions of poison
 l - a potion of cancellation {unknown}
Books
 b - a book of Changes

   Spells                             Type                      Level
   a - Beastly Appendage              Transmutation                1
   b - Sticks to Snakes               Transmutation                2
   c - Spider Form                    Transmutation/Poison         3
   d - Ice Form                       Ice/Transmutation            4
   e - Blade Hands                    Transmutation                5
Comestibles
 c - 3 bread rations
 g - 4 meat rations


   Skills:
 - Level 1.0 Fighting
 - Level 4.9 Dodging
 - Level 3.0 Unarmed Combat
 - Level 2.0 Spellcasting
 - Level 2.0 Transmutations
 + Level 1.7 Poison Magic
 + Level 0.7 Invocations


You had 4 spell levels left.
You knew the following spells:

 Your Spells              Type           Power        Failure   Level  Hunger
a - Beastly Appendage     Trmt           #.....       24%         1    #......
c - Spider Form           Trmt/Pois      #.........   50%         3    ###....


Dungeon Overview and Level Annotations

Branches:
Dungeon (4/15)
 Temple: D:4-7

Altars:
Ashenzari
Cheibriados
Elyvilon
Gozag
Kikubaaqudgha
Zin
The Shining One

Annotations:
D:4 Menkaure


Innate Abilities, Weirdness & Mutations

You cannot wear most types of armour.
You are amphibious.
You can wear up to eight rings at the same time.
((You can use your tentacles to constrict eight enemies at once.))
((Your skin changes colour to match your surroundings (Stealth).))
((Your rubbery body absorbs attacks (AC +1).))


Message History

Casting: Spider Form
Confirm with . or Enter, or press ? or * to list all spells.
You miscast Spider Form.
Nothing appears to happen.
Drink which item? (? for menu, Esc to quit)
Magic courses through your body.
Menkaure gestures at you while chanting.
Pain shoots through your body!
Casting: Spider Form
Confirm with . or Enter, or press ? or * to list all spells.
You turn into a venomous arachnid creature.
You hit Menkaure but do no damage. Menkaure hits you!!
Ouch! That really hurt!
You hit Menkaure.
Menkaure is lightly damaged.
Menkaure barely misses you.
You barely miss Menkaure.
Menkaure is lightly damaged.
Menkaure hits you!
Ouch! That really hurt!
You die...

#............# ...####
#............# .......
#............# .......
#............# #.....
#......(.....# #.....
#............## #..(..
#............#.
#....M###............#.
#>....s.'............'.
#.....###............#.
#...... #............#.
#..!..# #............#.
#..... #............#.
#..... ##############.
#.... +. #.... #.


You could see Menkaure.

Vanquished Creatures
  An orc priest (D:3)
  A worker ant (D:4)
  2 adders
  3 gnolls
  3 worms
  5 orcs (D:3)
  A ball python (D:2)
  4 bats
  5 goblins
  5 hobgoblins
  3 jackals (D:2)
  A quokka (D:3)
  2 giant newts
  3 kobolds
  4 rats
43 creatures vanquished.

Notes
Turn   | Place    | Note
--------------------------------------------------------------
     0 | D:1      | Hurricos the Octopode Transmuter began the quest for the Orb.
     0 | D:1      | Reached XP level 1. HP: 13/13 MP: 3/3
    23 | D:1      | Found a glowing golden altar of the Shining One.
   172 | D:2      | Reached XP level 2. HP: 16/18 MP: 5/5
   249 | D:2      | Found a snail-covered altar of Cheibriados.
   267 | D:2      | Became a worshipper of Cheibriados the Contemplative
   409 | D:2      | Found an opulent altar of Gozag.
   422 | D:2      | Reached XP level 3. HP: 20/23 MP: 6/6
   605 | D:3      | Learned a level 3 spell: Spider Form
   621 | D:3      | Found a shattered altar of Ashenzari.
   732 | D:3      | Reached skill level 4 in Dodging
   732 | D:3      | Reached XP level 4. HP: 20/28 MP: 3/7
   768 | D:3      | Reached * piety under Cheibriados
   923 | D:3      | Found a glowing silver altar of Zin.
  1067 | D:3      | Reached skill level 1 in Poison Magic
  1067 | D:3      | Reached XP level 5. HP: 33/33 MP: 1/8
  1069 | D:3      | Found a white marble altar of Elyvilon.
  1391 | D:4      | Found an ancient bone altar of Kikubaaqudgha.
  1447 | D:4      | Noticed Menkaure
  1453 | D:4      | Mangled by Menkaure

Action                   |  1- 3 |  4- 6 || total
-------------------------+-------+-------++-------
Melee: Unarmed           |    62 |    44 ||   106
 Cast: Spider Form       |     1 |     8 ||     9
  Use: Potion            |     3 |     1 ||     4
 Stab: Sleeping          |     5 |       ||     5
  Eat: Bread ration      |       |     1 ||     1
